Map: Port Aleksander LE

Players

Solar - Winner!

  • Race: Zerg Zerg
  • Spawn Location: 5:00

TYTY (TY)

  • Race: Terran Terran
  • Spawn Location: 11:00

Event: IEM Season 13: Katowice (2019)

VOD

Have the link to the VOD?

Description

Time

  • Played on: March 2, 2019, 9:04 a.m.
  • Length: 12:49

All games in this series

Show
View Real Time Build Order
Export as new Build Order

Solar Zerg - Winner!

Build Orders: Hatch First, Muta Ling Bane 

Get SALT Encoding   

  12  0:01  Drone  
  13  0:14  Overlord  
  13  0:18  Drone  
  14  0:32  Drone x2  
  16  0:49  Hatchery  
  15  0:52  Drone  
  15  0:56  Drone  
  17  1:01  Drone  
  18  1:10  Extractor  
  17  1:15  Spawning Pool  
  17  1:18  Drone  
  17  1:22  Drone  
  18  1:29  Drone  
  19  1:42  Drone  
  20  1:49  Hatchery  
  19  2:02  Queen  
  19  2:05  Zergling x2  
  19  2:06  Zergling x2  
  23  2:10  Drone  
  25  2:15  Drone  
  25  2:20  Overlord  
  25  2:25  Metabolic Boost  
  25  2:27  Drone  
  26  2:34  Queen  
  28  2:44  Drone x2  
  28  2:46  Drone  
  28  2:49  Queen  
  33  2:53  Drone  
  33  2:56  Drone  
  35  2:59  Drone  
  36  3:05  Queen  
  36  3:09  Overlord  
  36  3:12  Drone  
  38  3:14  Drone  
  38  3:17  Drone  
  40  3:20  Drone  
  41  3:27  Overlord, Queen  
  41  3:29  Drone  
  41  3:31  Drone  
  45  3:35  Zergling x4  
  45  3:38  Zergling x2  
  45  3:39  Zergling x2  
  49  3:46  Overlord  
  49  3:47  Drone  
  50  3:50  Drone  
  50  3:51  Drone x3  
  54  4:00  Overlord  
  54  4:02  Roach Warren  
  53  4:07  Overlord  
  53  4:10  Drone x3  
  53  4:11  Drone  
  53  4:13  Lair  
  57  4:20  Zergling x4  
  57  4:22  Drone  
  57  4:23  Drone x2  
  62  4:25  Extractor  
  62  4:26  Extractor, Spore Crawler  
  62  4:29  Drone  
  62  4:31  Spore Crawler  
  59  4:32  Drone  
  59  4:35  Overlord  
  60  4:40  Drone  
  60  4:42  Drone  
  60  4:45  Roach x3  
  68  4:46  Drone  
  68  4:47  Drone  
  68  4:49  Drone  
  70  4:55  Roach  
  70  4:57  Drone x4  
  76  5:01  Drone  
  76  5:03  Drone x3  
  76  5:05  Drone  
  81  5:09  Overlord  
  81  5:11  Drone  
  81  5:13  Overseer  
  82  5:15  Overlord  
  82  5:17  Overlord  
  82  5:18  Overseer  
  82  5:24  Extractor x2  
  82  5:25  Overlord  
  82  5:26  Glial Reconstitution  
  82  5:28  Drone x3  
  83  5:33  Drone x2  
  82  5:37  Drone  
  82  5:38  Drone  
  82  5:40  Drone x2  
  86  5:44  Drone  
  86  5:46  Drone  
  88  5:54  Hatchery  
  88  5:55  Drone x2  
  89  6:02  Roach x3  
  89  6:03  Baneling Nest  
  94  6:07  Roach x2  
  94  6:08  Overlord  
  94  6:11  Overlord  
  98  6:17  Overlord  
  98  6:22  Drone x4, Spire  
  98  6:24  Extractor  
  98  6:25  Zergling x4  
  102  6:26  Zergling x2  
  102  6:27  Zergling x2  
  102  6:30  Zergling x4  
  102  6:31  Zergling x2  
  102  6:32  Zergling x2  
  108  6:35  Zergling x2  
  109  6:41  Drone  
  109  6:43  Zergling x8  
  109  6:46  Overlord  
  114  6:51  Zergling x12  
  114  6:53  Overlord  
  120  6:59  Overlord  
  120  7:04  Centrifical Hooks  
  120  7:05  Baneling  
  120  7:06  Baneling x7  
  120  7:08  Drone x2, Zergling x2  
  121  7:24  Drone  
  121  7:25  Drone, Queen  
  121  7:26  Overlord  
  125  7:31  Zergling x2  
  125  7:32  Zergling x6  
  125  7:33  Mutalisk x4, Baneling x2  
  125  7:34  Mutalisk x4  
  145  7:37  Zerg Flyer Weapons Level 1  
  145  7:40  Evolution Chamber  
  145  7:41  Drone  
  145  7:42  Evolution Chamber, Drone  
  146  7:44  Drone x2  
  146  7:48  Mutalisk x2  
  151  7:52  Ravager x3  
  151  7:53  Zergling x2  
  151  7:54  Zergling x6  
  158  7:59  Zergling x10  
  158  8:04  Overlord  
  162  8:08  Zerg Melee Weapons Level 1, Zerg Ground Armor Level 1  
  162  8:09  Zergling x2  
  162  8:10  Zergling x4  
  162  8:12  Baneling x3  
  165  8:15  Zergling x8  
  169  8:22  Zergling x12  
  170  8:27  Zergling x6  
  170  8:32  Drone  
  170  8:33  Drone  
  162  8:34  Drone  
  162  8:36  Mutalisk  
  162  8:38  Mutalisk x3  
  161  8:46  Drone x2  
  161  8:48  Drone x2, Hatchery  
  164  8:49  Drone  
  164  8:52  Drone  
  164  8:54  Extractor  
  165  8:55  Drone  
  165  8:59  Mutalisk, Overlord  
  165  9:00  Pneumatized Carapace  
  165  9:02  Overseer  
  168  9:05  Drone x3  
  168  9:09  Spore Crawler  
  170  9:14  Zergling x6  
  170  9:15  Zergling x10  
  178  9:19  Hatchery  
  178  9:23  Infestation Pit  
  176  9:24  Baneling x6  
  176  9:25  Baneling x5  
  176  9:26  Zergling x6  
  176  9:29  Baneling  
  176  9:30  Baneling x2  
  179  9:33  Overlord  
  179  9:34  Zergling x8  
  179  9:35  Zergling x2  
  179  9:38  Overlord  
  184  9:39  Drone x2  
  184  9:40  Drone  
  184  9:41  Drone  
  188  9:46  Zergling x6  
  188  9:47  Zergling x2  
  188  9:48  Overlord  
  188  9:51  Baneling x5  
  192  9:53  Zergling x8  
  196  10:04  Zerg Ground Armor Level 2  
  196  10:05  Zerg Melee Weapons Level 2  
  196  10:08  Hive  
  196  10:11  Zergling x4  
  196  10:12  Zergling x4  
  198  10:26  Zergling x4  
  198  10:27  Zergling x10  
  200  10:31  Overseer  
  200  10:36  Baneling  
  200  10:37  Baneling x12  
  200  10:47  Spore Crawler  
  199  10:50  Drone  
  199  10:54  Drone  
  199  10:56  Baneling x2  
  199  11:08  Zergling x2  
  199  11:11  Hatchery  
  199  11:14  Zergling x2  
  199  11:15  Zergling x14  
  199  11:16  Zergling x2  
  199  11:18  Zergling x2  
  199  11:21  Baneling x4  
  199  11:22  Baneling x12, Zergling x4  
  199  11:29  Zergling x2  
  199  11:30  Zergling x6  
  199  11:31  Zergling x2  
  198  11:38  Zergling x2  
  198  11:39  Zergling x30  
  194  11:44  Zergling x18  
  194  11:45  Zergling x2  
  194  11:46  Zergling x14  
  184  11:51  Ultralisk Cavern  
  184  11:52  Mutalisk x5  
  185  12:02  Zergling x2  
  185  12:03  Zergling x8  
  185  12:06  Baneling x12  
  185  12:07  Baneling x2  
  189  12:09  Zergling x4  
  189  12:12  Zergling x2  
  189  12:13  Zergling x4  
  194  12:17  Baneling  
  194  12:18  Baneling x4  
  194  12:20  Zergling x2  
  194  12:21  Zergling x4  
  197  12:23  Baneling x14  
  197  12:24  Baneling x3  
  197  12:26  Zergling x4  
Show
View Real Time Build Order
Export as new Build Order

TYTY Terran 

Build Orders:  

Get SALT Encoding   

  12  0:00  SCV  
  13  0:12  SCV  
  14  0:18  Supply Depot  
  14  0:24  SCV  
  15  0:30  Refinery  
  15  0:40  SCV  
  16  0:46  Barracks  
  16  0:52  SCV  
  17  1:04  SCV  
  18  1:16  SCV  
  20  1:33  Reaper  
  20  1:34  Orbital Command  
  20  1:45  Command Center  
  20  1:56  Factory  
  20  2:01  SCV  
  21  2:08  Barracks Reactor  
  21  2:11  Supply Depot  
  21  2:15  SCV  
  22  2:20  Refinery  
  22  2:27  SCV  
  23  2:39  SCV  
  24  2:44  Starport  
  24  2:48  Hellion  
  24  2:49  Hellion  
  28  2:51  SCV  
  28  2:57  Orbital Command  
  29  2:59  Barracks Tech Lab  
  29  3:03  SCV  
  30  3:15  SCV  
  31  3:22  Viking  
  31  3:23  SCV  
  31  3:26  Hellion  
  36  3:27  SCV  
  36  3:30  Hellion  
  39  3:35  Supply Depot  
  39  3:36  SCV  
  39  3:39  SCV  
  41  3:48  SCV  
  41  3:52  SCV  
  46  3:58  Raven, Barracks Tech Lab  
  46  3:59  Supply Depot  
  46  4:00  SCV  
  45  4:04  SCV, Hellion x2  
  50  4:10  Supply Depot  
  50  4:12  SCV  
  50  4:16  SCV  
  52  4:17  Marine  
  53  4:24  SCV  
  53  4:28  SCV, Stimpack  
  55  4:34  Supply Depot  
  55  4:36  SCV  
  56  4:40  SCV  
  56  4:42  Raven  
  56  4:43  Marine  
  60  4:48  SCV, Command Center  
  60  4:52  SCV  
  62  4:58  Factory Tech Lab  
  62  5:00  SCV  
  62  5:01  Marine  
  62  5:02  Supply Depot  
  62  5:04  SCV  
  65  5:11  Barracks  
  65  5:12  SCV, Barracks  
  66  5:15  Refinery  
  66  5:16  SCV, Refinery  
  66  5:17  Siege Tank  
  66  5:19  Marine  
  71  5:24  SCV  
  72  5:30  SCV  
  72  5:35  Starport Reactor  
  73  5:36  Engineering Bay x2  
  73  5:37  Marine, SCV  
  73  5:40  Supply Depot  
  75  5:44  SCV  
  79  5:50  Siege Tank  
  79  5:51  SCV  
  79  5:55  Marine  
  79  5:56  SCV  
  82  6:04  Orbital Command, Barracks  
  82  6:06  Barracks  
  82  6:07  Terran Infantry Armor Level 1, Terran Infantry Weapons Level 1  
  82  6:10  SCV x2  
  84  6:13  Marine  
  84  6:14  Marine x2  
  84  6:16  Starport Reactor  
  84  6:18  Supply Depot, Marine x2  
  88  6:22  Siege Tank  
  88  6:23  Orbital Command  
  93  6:25  SCV  
  93  6:28  SCV  
  93  6:31  Marine  
  93  6:32  Marine x2  
  96  6:35  Supply Depot  
  96  6:37  SCV  
  98  6:40  SCV, Combat Shield  
  98  6:41  Marine x2  
  101  6:49  SCV x2  
  101  6:52  Barracks Reactor, SCV  
  101  6:53  Barracks Reactor  
  104  6:56  Marine x2  
  104  7:00  Armory  
  109  7:01  SCV  
  109  7:02  Marine  
  109  7:03  Marine, SCV, Refinery  
  109  7:06  Marine  
  109  7:07  SCV  
  115  7:09  Medivac  
  115  7:11  Medivac  
  115  7:12  Widow Mine  
  115  7:14  Marine  
  115  7:18  Marine  
  115  7:20  Marine  
  112  7:29  Factory, Marine x5  
  114  7:32  Bunker  
  114  7:33  Widow Mine  
  114  7:34  Marine x2, Supply Depot  
  114  7:35  Supply Depot  
  114  7:36  Marine  
  121  7:39  Medivac  
  121  7:43  Medivac  
  125  7:46  Marine  
  125  7:47  Marine  
  125  7:49  Drilling Claws  
  125  7:52  Supply Depot  
  125  7:53  Supply Depot  
  125  7:56  Widow Mine, Marine x4  
  130  7:59  SCV x2  
  132  8:07  Marine x3  
  132  8:09  Medivac  
  135  8:13  Factory Reactor  
  135  8:18  Widow Mine  
  136  8:27  Marine x2  
  129  8:38  Marine x4  
  129  8:39  SCV x3  
  129  8:41  Thor, Missile Turret  
  130  8:49  Marine  
  130  8:50  Marine x3  
  130  8:52  Widow Mine x2  
  139  8:57  Marine x3  
  139  8:58  Command Center  
  139  9:00  Terran Infantry Armor Level 2, Terran Infantry Weapons Level 2  
  139  9:06  Missile Turret  
  139  9:07  Marine x2  
  138  9:11  Barracks  
  138  9:12  Barracks  
  138  9:17  Widow Mine x2, Missile Turret  
  138  9:19  Sensor Tower  
  138  9:21  Marine x2  
  138  9:22  Supply Depot  
  144  9:24  Marine x2  
  146  9:34  Thor  
  152  9:39  Supply Depot, Marine x3  
  152  9:40  Marine x2  
  152  9:43  Widow Mine x2  
  161  9:53  Command Center  
  161  9:55  Medivac x2  
  161  9:59  Barracks Tech Lab  
  165  10:00  Marine  
  165  10:01  SCV x2  
  162  10:14  SCV  
  162  10:15  SCV  
  160  10:25  Medivac  
  160  10:27  SCV x3  
  170  10:33  Supply Depot, Missile Turret  
  170  10:34  Supply Depot, Concussive Shells, Marauder x2  
  168  10:40  Widow Mine x2  
  172  10:43  Siege Tank, Missile Turret  
  172  10:45  Marine x2, Marauder  
  172  10:46  Marine x6  
  185  10:54  Marine  
  185  10:55  Marauder  
  188  10:58  Planetary Fortress  
  188  11:03  Marine, Reaper  
  188  11:04  Marine x3  
  192  11:08  Widow Mine x2  
  197  11:13  Marine x2  
  197  11:14  Marine x2  
  185  11:18  Thor  
  185  11:20  Marine  
  191  11:29  Marine x3  
  191  11:30  Marauder  
  191  11:32  Marauder  
  188  11:37  SCV  
  188  11:39  Widow Mine, Missile Turret  
  178  11:42  Missile Turret  
  178  11:44  Marine x4  
  178  11:45  Marine x2  
  135  11:49  Widow Mine  
  135  11:51  Marine x4  
  129  11:58  Marauder  
  131  12:03  Marauder  
  135  12:12  SCV x3  
  134  12:19  SCV  
  134  12:22  Marauder x2  
  139  12:24  SCV x3  
  139  12:25  Marauder  
  139  12:28  Missile Turret  
  144  12:31  SCV  
  144  12:36  SCV  

Tags
 
Add a new tag
Caveats
  • Supply blocks, unpowered buildings, or Contaminate may cause inaccurate times.
  • Supply counts are checked every 10 seconds.